 Dungeon Crawl Stone Soup version 0.30-a0-629-gd54f4be4f7 (webtiles) character file.

Game seed: 5519140359686419669

48 IdlyInterested the Chopper (level 3, -15/27 HPs)
             Began as a Demonspawn Gladiator on Jan 12, 2023.
             Killed by divine providence
             ... invoked by an orc priest
              (16 damage)
             ... on level 3 of the Dungeon.
             The game lasted 00:03:23 (1553 turns).

IdlyInterested the Chopper (Demonspawn Gladiator)   Turns: 1553, Time: 00:03:24

Health: -15/27     AC:  7    Str: 16    XL:     3   Next: 50%
Magic:  3/3        EV: 12    Int:  9    God:
Gold:   77         SH:  0    Dex: 14    Spells: 2/2 levels left

rFire   . . .      SeeInvis .    a - +0 war axe
rCold   . . .      Faith    .    (no shield)
rNeg    . . .      Spirit   .    f - +0 scale mail
rPois   .          Reflect  .    c - +0 helmet
rElec   .          Harm     .    (no cloak)
rCorr   +          Rampage  .    (no gloves)
Will    .....                    (no boots) Stlth
                                 (no amulet)
HPRegen 0.24/turn                p - ring of resist corrosion
MPRegen 0.08/turn                (no ring)

@: no status effects
A: repulsion field 1
a: no special abilities


You were on level 3 of the Dungeon.
You visited 1 branch of the dungeon, and saw 3 of its levels.

You collected 77 gold pieces.

Inventory:

Hand Weapons
 a - a +0 war axe (weapon)
 m - a +0 war axe
 n - a +0 war axe
Missiles
 d - 3 throwing nets
 e - a javelin
 h - 24 stones (quivered)
Armour
 b - a +0 leather armour
 c - a +0 helmet (worn)
 f - a +0 scale mail (worn)
 k - an orb of guile
Jewellery
 p - a ring of resist corrosion (left hand)
Wands
 r - a wand of polymorph (4)
Scrolls
 j - 2 scrolls of identify {unknown}
 o - a scroll of magic mapping {unknown}
Potions
 g - a potion of resistance {unknown}
 i - a potion of cancellation {unknown}
 l - a potion of attraction
 q - a potion of brilliance {unknown}
 s - a potion of heal wounds {unknown}
 t - 2 potions of degeneration {unknown}


   Skills:
 + Level 2.1 Fighting
 * Level 3.9 Axes
 - Level 1.7 Throwing
 * Level 1.0 Armour
 - Level 2.6 Dodging


You had 2 spell levels left.
You didn't know any spells.
Your spell library contained the following spells:

 Spells                   Type           Power      Damage    Failure   Level
 Kindle Blastsparks       Fire/Tloc/Air  0%         2d10      99%         3
 Fulminant Prism          Conj/Hex       0%         3d5       100%        4
 Iskenderun's Mystic Bla  Conj/Tloc      0%         2d3       100%        4
 Lee's Rapid Deconstruct  Erth           0%         3d4*      100%        5


Dungeon Overview and Level Annotations

Branches:
Dungeon (3/15)

Altars:


Innate Abilities, Weirdness & Mutations

You are surrounded by a mild repulsion field. (EV +2)


Message History

You hit the orc priest but do no damage.
The orc priest completely misses you. The orc closely misses you.
You barely miss the orc priest.
The orc priest is heavily wounded.
You slash the orc!
You kill the orc!
The orc priest hits you but does no damage.
The orc priest barely misses you.
You hit the orc priest.
The orc priest is severely wounded.
The orc priest casts a cantrip, but nothing happens.
You hit the orc priest but do no damage.
The orc priest is severely wounded.
The orc priest closely misses you.
You hit the orc priest.
The orc priest is almost dead.
The orc priest hits you with a +0 club.
* * * LOW HITPOINT WARNING * * *
The orc priest invokes the aid of Beogh against you.
You barely resist. You closely miss the orc priest.
The orc priest is almost dead.
The orc priest closely misses you.
You closely miss the orc priest.
The orc priest is severely wounded.
The orc priest looks encouraged for a moment.
You hit the orc priest but do no damage.
The orc priest is severely wounded.
The orc priest calls down the wrath of Beogh upon you.
Pain shoots through your body!
* * * LOW HITPOINT WARNING * * *
A goblin comes into view. It is wielding a +0 club.
The goblin shouts!
You hit the orc priest but do no damage.
The orc priest is severely wounded.
You hear a shout!
The orc priest calls down the wrath of Beogh upon you.
Beogh smites you!
Ouch! That really hurt!
You die...

######
#....#
#....#
#.@..#
#.)o.#
#....#
#.....#
#.....#
#......
##.#....
#...##g.


You could see an orc priest and a goblin.

Vanquished Creatures
  A dart slug (D:1)
  2 orcs (D:3)
  4 ball pythons (D:1)
  4 bats
  5 endoplasms
  3 giant cockroaches
  A goblin (D:2)
  3 hobgoblins (D:1)
  2 jackals (D:1)
  A frilled lizard (D:1)
  7 kobolds
  5 rats
38 creatures vanquished.

Notes
Turn   | Place    | Note
-------+----------+-------------------------------------------
     0 | D:1      | IdlyInterested the Demonspawn Gladiator began the quest for
                  | the Orb.
     0 | D:1      | Reached XP level 1. HP: 16/16 MP: 1/1
    28 | D:1      | Reached skill level 3 in Axes
    83 | D:1      | Gained mutation: You are surrounded by a mild repulsion
                  | field. (EV +2) [demonic ancestry]
    83 | D:1      | Reached XP level 2. HP: 22/22 MP: 2/2
   356 | D:1      | Reached XP level 3. HP: 21/27 MP: 3/3
  1192 | D:2      | Found a faded altar of an unknown god.
  1545 | D:3      | Reached skill level 1 in Armour
  1552 | D:3      | HP: 1/27 [orc priest/nerve-wracking pain (5)]
  1553 | D:3      | Killed from afar by an orc priest

Illustrated notes

Levels and vault maps discovered:
D:1:      minmay_arrival_three_doors, layout_basic, hangedman_decor_lopped,
          minmay_tromino_v4_b
D:2:      layout_basic, chequers_ecumenical_altar_grove
D:3:      layout_rooms, hex_intersection, nicolae_kite_square_tiling_tiny

Skill      XL: |  1  2  3 |
---------------+----------+-----
Axes           | 3 |  3.9
Armour         | 1 |  1.0
Fighting       | |  2.1
Throwing       | |  1.7
Dodging        | |  2.6

Action                   || total
-------------------------++-------
Melee: War axe           ||    93
       Punch             ||     1
  Use: Scroll            ||     4
       Potion            ||     1
Armor: Scale mail        ||    35
       Leather armour    ||     2
Dodge: Dodged            ||    71

Table legend: (Time is in decaauts)
 A = Elapsed time spent in this place.
 B = Non-inter-level travel time spent in this place.
 C = Inter-level travel time spent in this place.
 D = Time resting spent in this place.
 E = Time spent auto-exploring this place.
 F = Levels seen in this place.
 G = Mean time per level.
                   A        B        C        D        E       F      G
               +--------+--------+--------+--------+--------+-----+--------+
         Total |   1582 |   1480 |    102 |      0 |   1121 |   3 |  527.3 |
       Dungeon |   1582 |   1480 |    102 |      0 |   1121 |   3 |  527.3 |
               +--------+--------+--------+--------+--------+-----+--------+

Top non-repeatable levels by time:
     D:2: 853 daAuts
     D:1: 704 daAuts
     D:3: 24 daAuts
